 Dungeon Crawl Stone Soup version 0.21.0 (webtiles) character file.

107 MovingMist the Distorting Demonspawn (level 4, -1/35 HPs)
             Began as a Demonspawn Abyssal Knight on Jan 7, 2018.
             Was a Believer of Lugonu.
             Killed from afar by Ijyb (19 damage)
             ... with a wand of acid (2)
             ... on level 3 of the Dungeon.
             The game lasted 00:04:51 (2730 turns).

MovingMist the Distorting Demonspawn (DsAK)         Turns: 2730, Time: 00:04:52

Health: -1/35      AC: 11    Str: 13    XL:     4   Next: 56%
Magic:  7/7        EV:  6    Int: 13    God:    Lugonu [**....]
Gold:   106        SH:  0    Dex: 13    Spells: 3/3 levels left

rFire    . . .     SeeInvis .   a - +1 hand axe
rCold    . . .     Gourm    .   (no shield)
rNeg     . . .     Faith    .   g - +0 chain mail
rPois    .         Spirit   .   (no helmet)
rElec    .         Reflect  .   (no cloak)
rCorr    .         Harm     .   j - +0 pair of gloves {archery}
MR       .....                  (no boots)
Stlth    ..........             (no amulet)
HPRegen  0.11/turn              m - ring of wizardry
MPRegen  0.10/turn              (no ring)

@: corroded
A: iridescent scales 3
a: Depart the Abyss, Bend Space, Renounce Religion


You were on level 3 of the Dungeon.
You worshipped Lugonu.
Lugonu was pleased with you.
You were not hungry.

You visited 1 branch of the dungeon, and saw 3 of its levels.
You visited the Abyss 1 time.

You collected 106 gold pieces.

Inventory:

Hand Weapons
 a - a +1 hand axe (weapon)
Armour
 g - a +0 chain mail (worn)
 j - a +0 pair of gloves of archery (worn)
Jewellery
 m - a ring of wizardry (left hand)
Scrolls
 l - a scroll of noise {unknown}
 o - 5 scrolls of identify {unknown}
 p - a scroll of magic mapping {unknown}
 q - a scroll of remove curse
 s - a scroll of fear {unknown}
Potions
 b - 2 potions of lignification {unknown}
 d - 2 potions of curing {unknown}
 e - a potion of ambrosia {unknown}
 f - 2 potions of degeneration {unknown}
 h - a potion of heal wounds {unknown}
 i - 2 potions of agility {unknown}
 n - a potion of invisibility {unknown}
 r - a potion of haste {unknown}
Comestibles
 c - 4 rations
 k - 8 chunks of flesh


   Skills:
 + Level 3.5 Fighting
 + Level 2.5 Axes
 - Level 1.7 Armour
 + Level 1.8 Dodging
 * Level 4.3 Invocations


You had 3 spell levels left.
You didn't know any spells.

Dungeon Overview and Level Annotations

Branches:
Dungeon (3/15)

Altars:

Annotations:
D:3 Ijyb


Innate Abilities, Weirdness & Mutations

You are completely covered in iridescent scales. (AC +6)


Message History

You hit Ijyb.
Ijyb is moderately wounded.
Ijyb hits you but does no damage.
You closely miss Ijyb.
Ijyb is moderately wounded.
Ijyb barely misses you.
Ijyb zaps a wand.
The bolt of acid hits you! The acid corrodes you!
You are splashed with acid!
The acid burns!
It is a wand of acid (3).
You closely miss Ijyb.
Ijyb is moderately wounded.
Ijyb zaps a wand.
The bolt of acid misses you.
You hit Ijyb but do no damage.
Ijyb is moderately wounded.
Ijyb grins evilly.
Ijyb hits you but does no damage.
You closely miss Ijyb.
Ijyb is moderately wounded.
Ijyb zaps a wand.
The bolt of acid hits you!
Ouch! That really hurt!
You die...

###8###8##...#
#.# ###
####...## #.#
. #8...⌠# #.#
.. ##...##
#.#### ...
#...# #.....
... ##...##
###### ..
#8...8#
#.##...##
#.g@...#
########


You could see Ijyb.

Vanquished Creatures
  A worker ant (D:3)
  2 adders
  3 worms
  2 dart slugs
  4 orcs (D:3)
  8 bats
  2 giant cockroaches
  3 goblins (D:3)
  8 hobgoblins
  3 jackals (D:1)
  5 kobolds
  3 frilled lizards
  5 rats
49 creatures vanquished.

Notes
Turn   | Place    | Note
-------+----------+-------------------------------------------
     0 | Abyss:1  | MovingMist the Demonspawn Abyssal Knight began the quest for the Orb.
     0 | Abyss:1  | Reached XP level 1. HP: 18/18 MP: 2/2
    46 | Abyss:1  | Found a corrupted altar of Lugonu.
   153 | D:1      | Escaped the Abyss
   163 | D:1      | Reached skill level 1 in Dodging
   280 | D:1      | Gained mutation: You are partially covered in iridescent scales. (AC +2) [demonic ancestry]
   280 | D:1      | Reached XP level 2. HP: 14/24 MP: 4/4
   284 | D:1      | Reached skill level 3 in Invocations
   309 | D:1      | Reached * piety under Lugonu
  1314 | D:2      | Gained mutation: You are mostly covered in iridescent scales. (AC +4) [demonic ancestry]
  1314 | D:2      | Reached XP level 3. HP: 5/29 MP: 5/5
  2085 | D:3      | Reached skill level 4 in Invocations
  2085 | D:3      | Gained mutation: You are completely covered in iridescent scales. (AC +6) [demonic ancestry]
  2085 | D:3      | Reached XP level 4. HP: 18/35 MP: 5/7
  2693 | D:3      | Reached ** piety under Lugonu
  2722 | D:3      | Noticed Ijyb
  2730 | D:3      | Killed from afar by Ijyb

Skill      XL: |  1  2  3 |
---------------+----------+-----
Dodging        | 1 |  1.8
Axes           | 2 |  2.5
Invocations    | 3 4 |  4.3
Fighting       | |  3.5
Armour         | |  1.7

Action                   |  1- 3 |  4- 6 || total
-------------------------+-------+-------++-------
Melee: Hand axe          |   145 |    92 ||   237
Invok: Depart the Abyss  |     1 |       ||     1
  Use: Scroll            |     4 |       ||     4
  Eat: Chunk             |     2 |     1 ||     3
       Ration            |     1 |       ||     1
Armor: Leather armour    |    26 |       ||    26
       Chain mail        |    85 |    61 ||   146
Dodge: Dodged            |    70 |    27 ||    97
